 Dungeon Crawl Stone Soup version 0.32-a0-886-g41c5271027 (webtiles) character file.

Game seed: 13171773811475182964

271039 TacoSundae the Metamorph (level 19, -1/261 HPs)
             Began as a Yellow Draconian Shapeshifter on Apr 2, 2024.
             Was the Champion of Wu Jian.
             Killed from afar by a tengu reaver (19 damage)
             ... with a bolt of lightning
             ... on level 2 of the Depths.
             The game lasted 02:59:24 (33263 turns).

TacoSundae the Metamorph (DrSh)                    Turns: 33263, Time: 02:59:25

Health: -1/261     AC: 18    Str: 29    XL:     19   Next: 44%
Magic:  19/19      EV: 20    Int: 11    God:    Wu Jian [******]
Gold:   983        SH:  0    Dex: 18    Spells: 18/18 levels left

rFire   . .          .
                       - Unarmed
rCold   + + .        (shield currently unavailable)
rNeg    + . .        (body armour unavailable)
rPois   +            x - melded +0 hat
rElec   .            N - melded +2 cloak
rCorr   +            i - melded +0 pair of gloves
SInv    +            C - melded +0 pair of boots {Fly}
Will    ++...        U - amulet of Ixilewoc {rC+ rN+ Regen+ Str+2}
Stlth   ++           g - ring of Vehumet's Indignation {rPois rC+ EV+5}
HPRegen 1.43/turn    V - ring "Fesued" {rPois Will+ SInv}
MPRegen 0.16/turn

%: random rage (3%)
@: dragon-form, flying, studying Stealth
A: dragon claw, dragon scales, flying, boosted hp, caustic breath, AC +10,
giant, unfitting armour, acidic bite, (cold-blooded), acid resistance, berserk 1
}: 2/15 runes: serpentine, barnacled
a: Caustic Breath, Begin Untransformation, Renounce Religion, Wall Jump,
Serpent's Lash, Heavenly Storm


You were on level 2 of the Depths.
You worshipped Wu Jian.
Wu Jian was exalted by your worship.
You were a fearsome golden dragon!
You visited 9 branches of the dungeon, and saw 38 of its levels.
You also visited: Bailey and Volcano.

You collected 3206 gold pieces.
You spent 2223 gold pieces at shops.

Inventory:

Armour
 e - a +2 buckler of protection
 i - a +0 pair of gloves (melded)
 x - a +0 hat (melded)
 C - a +0 pair of boots of flying (melded)
 N - a +2 cloak (melded)
Jewellery
 g - the ring of Vehumet's Indignation (left foreclaw) {rPois rC+ EV+5}
   (You bought it in a shop on level 1 of the Snake Pit)

   [ring of evasion]

   EV+5:      It affects your evasion (+5).
   rC+:       It protects you from cold.
   rPois:     It protects you from poison.
 m - a +4 ring of slaying
 U - the amulet of Ixilewoc (around neck) {rC+ rN+ Regen+ Str+2}
   (You bought it in a shop on level 1 of the Orcish Mines)

   [amulet of regeneration]

   Str+2:     It affects your strength (+2).
   rC+:       It protects you from cold.
   rN+:       It protects you from negative energy.
   Regen+:    It increases your rate of health regeneration.
 V - the ring "Fesued" (right foreclaw) {rPois Will+ SInv}
   (You bought it in a shop on level 1 of the Orcish Mines)

   [ring of see invisible]

   rPois:     It protects you from poison.
   Will+:     It increases your willpower.
   SInv:      It lets you see invisible.
Talismans
 b - a beast talisman
 c - a flux talisman
 h - a dragon-blood talisman (active)
 n - a blade talisman
 R - a granite talisman
 S - a maw talisman
 Y - the serpent talisman "Tizog" {rC+}
   (You took it off Aizul on level 1 of the Snake Pit)

   [serpent talisman]

   rC+:       It protects you from cold.
Wands
 v - a wand of light (11)
 w - a wand of mindburst (26)
 y - a wand of paralysis (28)
 G - a wand of iceblast (31)
 Q - a wand of polymorph (6)
 X - a wand of digging (8)
Scrolls
 d - 15 scrolls of teleportation
 f - 2 scrolls of poison
 j - 5 scrolls of enchant weapon
 o - a scroll of butterflies
 z - 3 scrolls of fog
 F - 2 scrolls of immolation
 J - 10 scrolls of identify
 K - 2 scrolls of noise
 O - 2 scrolls of enchant armour
 P - 2 scrolls of revelation
 W - 3 scrolls of silence
Potions
 k - 11 potions of curing
 l - 3 potions of magic
 p - 4 potions of attraction
 q - 6 potions of lignification
 r - 3 potions of might
 s - 4 potions of invisibility
 t - 4 potions of berserk rage
 u - 6 potions of ambrosia
 D - 5 potions of enlightenment
 E - a potion of haste
 L - 3 potions of resistance
 T - a potion of cancellation
Miscellaneous
 a - a condenser vane
 H - a lightning rod (4/4)
 Z - a box of beasts


   Skills:
 + Level 16.8 Fighting
 + Level 15.1 Dodging
 + Level 19.5 Unarmed Combat
 + Level 19.8 Shapeshifting


You had 18 spell levels left.
You didn't know any spells.
Your spell library contained the following spells:

 Spells                   Type           Power      Damage    Failure   Level
 Slow                     Hex            0%         N/A       34%         1
 Blink                    Tloc           0%         N/A       47%         2
 Cigotuvi's Dreadful Rot  Necr/Alch/Air  0%         N/A       47%         2
 Lesser Beckoning         Tloc           0%         N/A       47%         2
 Momentum Strike          Conj/Tloc      0%         3d8       47%         2
 Confusing Touch          Hex            0%         N/A       71%         3
 Dazzling Flash           Conj/Hex       0%         N/A       71%         3
 Maxwell's Portable Pile  Tloc           0%         2d(5-13)  71%         3
 Mephitic Cloud           Conj/Alch/Air  0%         N/A       71%         3
 Stone Arrow              Conj/Erth      0%         3d7       71%         3
 Teleport Other           Tloc           0%         N/A       71%         3
 Vampiric Draining        Necr           0%         2d6       71%         3
 Cause Fear               Hex            0%         N/A       98%         4
 Ignite Poison            Fire/Alch      0%         N/A       98%         4
 Curse of Agony           Necr           0%         N/A       100%        5
 Fireball                 Conj/Fire      0%         3d3       100%        5
 Freezing Cloud           Conj/Ice/Air   0%         6-21      100%        5
 Silence                  Hex/Air        0%         N/A       100%        5
 Conjure Ball Lightning   Conj/Air       0%         3x3d6     100%        6
 Discord                  Hex            0%         N/A       100%        8
 Disjunction              Tloc           0%         N/A       100%        8
 Lehudib's Crystal Spear  Conj/Erth      0%         10d2      100%        8
 Dragon's Call            Summ           0%         N/A       100%        9
 Animate Armour           Summ/Erth      Unusable   N/A       N/A         4

Dungeon Overview and Level Annotations

Branches:
Dungeon (15/15)            Temple (1/1) D:5            Lair (5/5) D:10
 Shoals (4/4) Lair:2        Snake (4/4) Lair:2        Slime (4/5) Lair:5
    Orc (2/2) D:11            Elf (1/3) Orc:2        Vaults (0/5) D:14
 Depths (2/4) D:15         Bailey (visited)         Volcano (visited)

Altars:
Ashenzari
Cheibriados
Dithmenos
Elyvilon
Fedhas
Gozag
Hepliaklqana
Kikubaaqudgha
Makhleb
Nemelex Xobeh
Okawaru
Qazlal
Ru
Sif Muna
Trog
Uskayaw
Vehumet
Wu Jian
Xom
Yredelemnul
Zin
The Shining One
Beogh

Shops:
D:2 *   D:3 (   D:13 =   Orc:1 =   Orc:2 [[?!   Snake:1 :=:   Snake:2 (**

Portals:
Hell: Depths:1 Depths:2

Annotations:
D:4 1 runed translucent door, Griffin23's ghost, amateur MiFi
D:6 Jeremiah
Shoals:2 6 transporters, 3 runed translucent doors, Wano's ghost, adept FeSu
Slime:4 Dissolution


Innate Abilities, Weirdness & Mutations

You are a fearsome golden dragon!
You have a powerful clawing attack.
Your giant scaled body is strong and resilient, but less evasive.
Your breath weapon is enhanced in this form.
You are flying.
Your maximum health is greatly increased.
Your armour is entirely melded.
You are incapable of wielding weapons or throwing items.
You can breathe corrosive fumes.
Your golden yellow scales are hard. (AC +10)
You cannot fit into any form of body armour.
You have acidic saliva.
((You are cold-blooded and may be slowed by cold attacks.))
You are resistant to acid. (rCorr)
You sometimes lose your temper in combat.


Message History

You feel strangely unstable.
The spriggan rider hits you from afar with a +0 spear!
* * * LOW HITPOINT WARNING * * *
The spriggan berserker hits you with a +0 hand axe!
* * * LOW HITPOINT WARNING * * *
The spriggan rider hits you from afar with a +0 spear.
* * * LOW HITPOINT WARNING * * *
The iron troll attacks as it pursues you!
The iron troll bites you!
* * * LOW HITPOINT WARNING * * *
The iron troll completely misses you. The iron troll claws you!
* * * LOW HITPOINT WARNING * * *
Okay, then.
The death yak rages.
You bite the iron troll!!
You tail-slap the iron troll, but do no damage.
You claw the iron troll.
The iron troll is moderately wounded.
The spriggan berserker invokes Trog's protection!
You hit the iron troll.
You tail-slap the iron troll, but do no damage.
The iron troll is heavily wounded.
Your surroundings suddenly seem different.
A tengu reaver, 2 green very ugly things and 3 water elementals come into view.
The tengu reaver is wielding a +1 heavy war axe and wearing a +2 buckler of resistance.
The tengu reaver shouts!
The water elemental hits you!
* * * LOW HITPOINT WARNING * * *
You spin and attack the water elemental repeatedly.
You maul the water elemental!!!
The water elemental is almost destroyed.
You claw the water elemental!
You destroy the water elemental!
The Council accepts your kill.
You hear a shout!
You hear a horrible gurgling sound! x3
A green ugly thing comes into view.
The tengu reaver casts a spell at you.
The bolt of lightning hits the water elemental.
The water elemental resists.
The bolt of lightning hits you!!
You die...

.......
#.###.##......
...... #.#
##.#...... .... ..#
##....... ###
#..........
#..........
#..=.......
#..........
#####.########+####
#.D.......
##E#♣♣♣♣♣♣#
+..~P~♣~~
♣~~~≈~~~~P
♣~~~≈≈≈≈P~~
~~~~≈~≈≈~~P~
~~~~~~~P~~~PP~
..♣~Q~~~u~~~♣~..
...~~~~~.~..~u..


You could see a green very ugly thing, a tengu reaver (repels missiles) and a
water elemental (wandering).

Vanquished Creatures
  Vashnia (Snake:3)
  Jorgrun (D:13)
  Rupert (D:13)
  Mlioglotl (Shoals:3)
  4 acid blobs
  Agnes (Snake:1)
  Kirke (D:13)
  A rockslime (Slime:1)
  Aizul (Snake:1)
  Roxanne (Snake:3)
  A fire giant (D:15)
  Ilsuiw (Shoals:2)
  2 nagarajas
  2 frost giants
  The ghost of oldriver the Warrior, a journeyman OnSh of Yredelemnul (Lair:3)
  An orc warlord (Orc:1)
  Louise (Snake:3)
  2 very ugly things (Depths:1)
  4 spectral caustic shrikes (Depths:2)
  A quicksilver ooze (Lair:5)
  A stone giant (Depths:2)
  Azrael (D:13)
  2 vampire knights
  A dire elephant (Lair:5)
  3 ettins
  Snorg (Orc:1)
  4 merfolk javelineers
  9 merfolk impalers
  5 fire dragons
  4 vault guards (D:14)
  4 hydras
  An alligator snapping turtle (Shoals:4)
  Fannar (D:12)
  2 ice dragons (Depths:1)
  A spriggan air mage (Depths:2)
  5 salamander tyrants (Snake:4)
  3 merfolk avatars
  3 boulder beetles
  4 catoblepae
  6 anacondas
  4 centaur warriors
  6 merfolk aquamancers
  6 satyrs
  6 two-headed ogres
  A death knight (D:15)
  A two-headed ogre (shapeshifter) (Depths:1)
  2 tengu warriors
  4 deep troll shamans
  18 death yaks
  2 orc high priests (Orc:2)
  6 deep troll earth magi
  16 naga sharpshooters
  12 naga warriors
  6 shock serpents
  Nergalle (Lair:3)
  3 sun demons (Shoals:4)
  4 iron trolls
  6 hell knights (Depths:1)
  5 salamander mystics
  4 skysharks
  Amaemon (Lair:1)
  5 mana vipers
  4 skeletal warriors (D:15)
  17 deep trolls
  3 lindwurms (Lair:5)
  10 sea snakes
  A deep elf archer (D:14)
  2 thermic dynamos (Elf:1)
  15 harpies
  4 naga ritualists
  3 obsidian bats
  A necromancer (Depths:1)
  3 orc knights
  6 deep elf pyromancers (Elf:1)
  8 ugly things
  7 orc sorcerers
  A fire giant zombie (Depths:1)
  A stone giant zombie (Depths:1)
  10 cyclopes
  16 manticores
  25 fauns
  6 meliai
  15 merfolk sirens
  6 elephants
  7 guardian serpents
  32 salamanders
  4 molten gargoyles (D:13)
  5 water nymphs
  A stone giant skeleton (Depths:1)
  3 gargoyles
  11 cane toads
  An orange demon (Lair:1)
  An eye of devastation (Slime:2)
  Maggie (Lair:1)
  11 naga magi
  27 black mambas
  2 unseen horrors
  3 efreet
  2 kobold demonologists (D:12)
  4 rime drakes
  17 komodo dragons
  2 yaktaurs (D:14)
  3 tengu conjurers
  6 freezing wraiths
  3 trolls
  26 merfolk
  A polar bear (Lair:5)
  A polar bear (shapeshifter) (D:14)
  5 wind drakes
  14 snapping turtles
  29 blink frogs
  12 dream sheep
  26 slime creatures
  3 shadows
  A spriggan (shapeshifter) (D:15)
  5 wraiths
  Sigmund (D:4)
  12 water elementals
  3 hogs (D:13)
  34 yaks
  5 fire bats (Volcano)
  3 wargs
  9 wyverns
  3 fire elementals (D:13)
  4 golden eyes
  A human (D:14)
  6 steam dragons
  4 basilisks
  9 vampire mosquitoes
  35 nagas
  Edmund (D:3)
  An acid dragon (D:13)
  3 hell hounds (D:13)
  Duvessa (D:4)
  10 water moccasins
  4 black bears
  22 orc warriors
  5 ogres
  9 wolves
  2 centaurs
  4 kobold brigands
  Blork the orc (D:6)
  10 bullfrogs
  4 gnoll sergeants
  3 scorpions
  3 wights (D:7)
  Dowan (D:4)
  10 killer bees
  3 howler monkeys
  8 electric eels
  2 lava snakes
  A bombardier beetle (D:4)
  6 jellies
  A sleepcap (D:5)
  2 gnoll boudas
  23 orc priests
  8 hounds
  4 hell rats (Lair:5)
  3 iguanas
  40 orc wizards
  5 adders
  25 gnolls
  A shadow imp (D:6)
  2 white imps (D:5)
  5 dart slugs
  3 ribbon worms
  74 orcs
  11 ball pythons
  8 bats
  5 endoplasms
  3 giant cockroaches
  10 goblins
  10 hobgoblins
  6 jackals
  5 quokkas
  4 frilled lizards
  38 kobolds
  9 rats
1190 creatures vanquished.

Vanquished Creatures (others)
  A faun (Shoals:2)
  A steam dragon (Volcano)
2 creatures vanquished.

Grand Total: 1192 creatures vanquished

Notes
Turn   | Place    | Note
-------+----------+-------------------------------------------
     0 | D:1      | TacoSundae the Draconian Shapeshifter began the quest for
                  | the Orb.
     0 | D:1      | Reached XP level 1. HP: 16/16 MP: 1/1
   121 | D:1      | Reached XP level 2. HP: 23/23 MP: 2/2
   494 | D:1      | Reached XP level 3. HP: 24/28 MP: 3/3
   946 | D:2      | Reached XP level 4. HP: 7/35 MP: 4/4
  1407 | D:2      | Found Akhlusaa's Assorted Antiques.
  1414 | D:2      | Bought a glowing orange potion for 22 gold pieces
  1414 | D:2      | Bought a scroll labelled WEW TONNOISIPH for 25 gold pieces
  1414 | D:2      | Bought a fizzy purple potion for 22 gold pieces
  2234 | D:3      | Reached XP level 5. HP: 36/40 MP: 5/5
  2303 | D:3      | Found a faded altar of an unknown god.
  2371 | D:3      | Found Erept's Antique Weapon Boutique.
  2378 | D:3      | Identified the +3 leather armour "Lexzill" {^Contam rElec
                  | rF- Slay+4}
  2705 | D:4      | Noticed Edmund
  2706 | D:4      | Noticed Griffin23's ghost (amateur MiFi)
  2758 | D:3      | Killed Edmund
  2759 | D:3      | Reached skill level 5 in Unarmed Combat
  2759 | D:3      | Reached skill level 5 in Shapeshifting
  2759 | D:3      | Reached XP level 6. HP: 13/47 MP: 6/6
  2907 | D:4      | You fall into a shaft and drop 1 floor!
  2907 | D:5      | Entered Level 5 of the Dungeon
  3039 | D:4      | Your scales start taking on a golden yellow colour.
  3039 | D:4      | Reached XP level 7. HP: 35/52 MP: 7/7
  3039 | D:4      | Gained mutation: You are resistant to acid. (rCorr) [Yellow
                  | Draconian growth]
  3111 | D:4      | Noticed Duvessa
  3124 | D:4      | Killed Duvessa
  3127 | D:4      | Noticed Dowan
  3144 | D:4      | Killed Dowan
  3496 | D:4      | Found a runed translucent door.
  3618 | D:4      | Noticed Sigmund
  3622 | D:4      | Killed Sigmund
  3632 | D:4      | Found a roughly hewn altar of Beogh.
  3758 | D:4      | Reached XP level 8. HP: 34/59 MP: 8/8
  4501 | D:5      | Found a staircase to the Ecumenical Temple.
  4512 | Temple   | Entered the Ecumenical Temple
  4557 | Temple   | Became a worshipper of the Wu Jian Council
  4587 | D:5      | Found a burning altar of Makhleb.
  4587 | D:5      | Noticed a green death
  4790 | D:6      | Noticed Blork the orc
  4808 | D:6      | Killed Blork the orc
  5254 | D:6      | Noticed Jeremiah
  5291 | D:6      | Found a bloodstained altar of Trog.
  5593 | D:7      | Reached XP level 9. HP: 48/68 MP: 9/9
  5756 | D:7      | Noticed a deep elf pyromancer
  6185 | D:7      | Reached * piety under Wu Jian
  6776 | D:7      | Found a sparkling altar of Nemelex Xobeh.
  6777 | D:7      | Found an opulent altar of Gozag.
  7293 | D:8      | Found a broken altar of Ashenzari.
  7477 | D:8      | Noticed a two-headed ogre
  7492 | D:8      | Killed a two-headed ogre
  7783 | D:8      | Reached ** piety under Wu Jian
  7887 | D:9      | Reached XP level 10. HP: 72/80 MP: 10/10
  7920 | D:9      | Found a flagged portal.
  7954 | Bailey   | Entered a bailey
  7969 | Bailey   | Noticed an orc knight
  8001 | Bailey   | Reached skill level 10 in Unarmed Combat
  8040 | Bailey   | Killed an orc knight
  8041 | Bailey   | Reached skill level 5 in Fighting
  8125 | Bailey   | Reached *** piety under Wu Jian
  8649 | D:10     | Entered Level 10 of the Dungeon
  8684 | D:10     | Noticed an elephant
  8706 | D:10     | Noticed a boulder beetle
  8728 | D:10     | Killed an elephant
  8735 | D:10     | Killed a boulder beetle
  8736 | D:10     | Reached skill level 5 in Dodging
  8736 | D:10     | Reached skill level 10 in Shapeshifting
  8806 | D:10     | Noticed a two-headed ogre
  8836 | D:10     | Killed a two-headed ogre
  8876 | D:10     | Noticed a cyclops
  8883 | D:10     | Killed a cyclops
  8884 | D:10     | Reached XP level 11. HP: 89/89 MP: 11/11
  9134 | D:10     | Found a staircase to the Lair.
  9564 | D:11     | Found a staircase to the Orcish Mines.
  9688 | D:11     | Reached **** piety under Wu Jian
  9758 | D:11     | Found a frozen archway.
 10506 | Lair:1   | Entered Level 1 of the Lair of Beasts
 10774 | Lair:1   | Noticed Maggie
 10785 | Lair:1   | Killed Maggie
 11024 | Lair:1   | Noticed Amaemon
 11108 | Lair:1   | Killed Amaemon
 11558 | Lair:2   | Noticed a catoblepas
 11567 | Lair:2   | Killed a catoblepas
 11568 | Lair:2   | Reached XP level 12. HP: 83/100 MP: 12/12
 11738 | Lair:2   | Noticed a death yak
 11738 | Lair:2   | Noticed a death yak
 11738 | Lair:2   | Noticed a death yak
 11747 | Lair:2   | Noticed a death yak
 11750 | Lair:2   | Noticed a death yak
 11755 | Lair:2   | Killed a death yak
 11756 | Lair:2   | Noticed a death yak
 11763 | Lair:2   | Killed a death yak
 11769 | Lair:2   | Killed a death yak
 11780 | Lair:2   | Killed a death yak
 11782 | Lair:2   | Killed a death yak
 11788 | Lair:2   | Killed a death yak
 12160 | Lair:2   | Reached ***** piety under Wu Jian
 12292 | Lair:2   | Found a staircase to the Snake Pit.
 12479 | Lair:2   | Found a staircase to the Shoals.
 12799 | Lair:3   | Noticed Nergalle
 12816 | Lair:3   | Killed Nergalle
 12906 | Lair:3   | Found a runed translucent gate.
 12906 | Lair:3   | Found a runed translucent gate.
 12906 | Lair:3   | Found a runed translucent gate.
 12906 | Lair:3   | Noticed oldriver's ghost (journeyman OnSh)
 13074 | Lair:3   | Reached XP level 13. HP: 75/105 MP: 13/13
 13868 | Lair:4   | Found a dark tunnel.
 13875 | Volcano  | Entered a volcano
 13945 | Volcano  | Reached skill level 15 in Shapeshifting
 14222 | Volcano  | Noticed a fire dragon
 14234 | Volcano  | Killed a fire dragon
 15044 | Lair:5   | Entered Level 5 of the Lair of Beasts
 15240 | Lair:5   | Gained mutation: You have acidic saliva. [Yellow Draconian
                  | growth]
 15240 | Lair:5   | Reached XP level 14. HP: 114/114 MP: 14/14
 15358 | Lair:5   | Reached ****** piety under Wu Jian
 15563 | Lair:5   | Found a staircase to the Slime Pits.
 15699 | Lair:5   | Reached skill level 15 in Unarmed Combat
 16695 | D:12     | Noticed Fannar
 16707 | D:12     | Killed Fannar
 16860 | D:13     | Noticed Jorgrun
 16910 | D:13     | Noticed Kirke
 16912 | D:13     | Killed Jorgrun
 16922 | D:13     | Killed Kirke
 16948 | D:13     | Noticed Azrael
 16956 | D:13     | Killed Azrael
 16961 | D:13     | Noticed Rupert
 16966 | D:13     | Paralysed by Rupert for 5 turns
 16980 | D:13     | Killed Rupert
 16981 | D:13     | Reached skill level 10 in Fighting
 17035 | D:13     | Reached XP level 15. HP: 81/126 MP: 15/15
 17231 | D:13     | Reached skill level 10 in Dodging
 17379 | D:13     | Found Syti's Jewellery Boutique.
 17529 | Orc:1    | Entered Level 1 of the Orcish Mines
 17541 | Orc:1    | Found Jiynul's Jewellery Emporium.
 17554 | Orc:1    | Bought the amulet of Ixilewoc {rC+ rN+ Regen+ Str+2} for
                  | 681 gold pieces
 17554 | Orc:1    | Bought the ring "Fesued" {rPois Will+ SInv} for 413 gold
                  | pieces
 17725 | Orc:1    | Noticed a kraken
 17891 | Orc:2    | Entered Level 2 of the Orcish Mines
 17995 | Orc:2    | Found Recin's Antique Armour Emporium.
 17995 | Orc:2    | Found Yrorif's Antique Armour Emporium.
 18053 | Orc:2    | Found Texoat's Distillery.
 18056 | Orc:2    | Found Boamer's Magic Scroll Shoppe.
 18069 | Orc:2    | Bought a potion of might for 56 gold pieces
 18071 | Orc:2    | Bought a smouldering scarf for 300 gold pieces
 18071 | Orc:2    | Identified the scarf of Hopscotch {harm, MP+9 Int+3 Dex+3}
                  | (You bought it in a shop on level 2 of the Orcish Mines)
 18320 | Orc:2    | Found a staircase to the Elven Halls.
 18434 | Orc:1    | Noticed Snorg
 18443 | Orc:1    | Killed Snorg
 18595 | Elf:1    | Entered Level 1 of the Elven Halls
 19628 | D:14     | Found a gate to the Vaults.
 20203 | Snake:1  | Entered Level 1 of the Snake Pit
 20269 | Snake:1  | Identified the serpent talisman "Tizog" {rC+}
 20269 | Snake:1  | Noticed Aizul
 20274 | Snake:1  | Killed Aizul
 20331 | Snake:1  | Found a radiant altar of Vehumet.
 20551 | Snake:1  | Noticed a nagaraja
 20561 | Snake:1  | Killed a nagaraja
 20638 | Snake:1  | Reached XP level 16. HP: 139/139 MP: 16/16
 20740 | Snake:1  | Noticed Agnes
 20752 | Snake:1  | Killed Agnes
 21619 | Snake:1  | Found Zang's Jewellery Boutique.
 21620 | Snake:1  | Found Ogyririu's Book Emporium.
 21620 | Snake:1  | Found Orcholusm's Book Emporium.
 21628 | Snake:1  | Bought the ring of Vehumet's Indignation {rPois rC+ EV+5}
                  | for 704 gold pieces
 21747 | Snake:2  | Found Rudeb's Overcharged Wands.
 21784 | Snake:2  | Found Petwoehe's Weapon Shoppe.
 21793 | Snake:2  | Found Pitogown's General Store.
 22723 | Snake:3  | Found a glowing golden altar of the Shining One.
 22824 | Snake:3  | Noticed Louise
 22841 | Snake:3  | Killed Louise
 22949 | Snake:3  | Noticed Vashnia
 23142 | Snake:3  | Killed Vashnia
 23297 | Snake:3  | Found Udwotej's Jewellery Emporium.
 23503 | Snake:3  | Noticed Roxanne
 23784 | Snake:3  | Killed Roxanne
 23835 | Snake:4  | Entered Level 4 of the Snake Pit
 24162 | Snake:4  | Identified the +3 flail "Beownoin" {antimagic, *Rage +Blink
                  | rElec rPois rCorr}
 24430 | Snake:4  | Reached XP level 17. HP: 150/150 MP: 17/17
 25165 | Snake:4  | Got a serpentine rune of Zot
 25341 | Shoals:1 | Entered Level 1 of the Shoals
 26246 | Shoals:2 | Noticed Ilsuiw
 26416 | Shoals:2 | Killed Ilsuiw
 26582 | Shoals:2 | Found a transporter.
 26584 | Shoals:2 | Identified the +6 long sword of the Antique God {venom,
                  | *Rage rC+ Int+3}
 26609 | Shoals:2 | Found a transporter.
 26615 | Shoals:2 | Found a transporter.
 26615 | Shoals:2 | Found a transporter.
 26618 | Shoals:2 | Found a transporter.
 26670 | Shoals:2 | HP: 9/231 [faun/sling bullet[a satyr] (16)]
 26675 | Shoals:2 | HP: 4/231 [faun/+0 spear[a satyr] (22)]
 26834 | Shoals:2 | Found a transporter.
 26972 | Shoals:2 | Found a runed translucent gate.
 26972 | Shoals:2 | Found a runed translucent gate.
 26973 | Shoals:2 | Found a runed translucent gate.
 26974 | Shoals:2 | Noticed Wano's ghost (adept FeSu)
 27529 | Shoals:3 | Noticed Mlioglotl
 27536 | Shoals:3 | Killed Mlioglotl
 27839 | Shoals:3 | Reached XP level 18. HP: 162/162 MP: 18/18
 27958 | Shoals:3 | Reached skill level 15 in Fighting
 28446 | Shoals:4 | Entered Level 4 of the Shoals
 28566 | Shoals:3 | Upgraded the game from 0.32-a0-876-gcfddb08e57 to
                  | 0.32-a0-886-g41c5271027
 29683 | Shoals:4 | Got a barnacled rune of Zot
 29920 | Lair:3   | Killed oldriver's ghost
 30005 | Slime:1  | Entered Level 1 of the Pits of Slime
 30542 | Slime:4  | Noticed Dissolution
 30669 | Slime:1  | Gained mutation: You sometimes lose your temper in combat.
                  | [a shining eye]
 30856 | D:15     | Entered Level 15 of the Dungeon
 31043 | D:15     | Found a staircase to the Depths.
 31752 | Depths:1 | Entered Level 1 of the Depths
 31955 | Depths:1 | Reached XP level 19. HP: 172/172 MP: 19/19
 32034 | Depths:1 | Found a radiant altar of Vehumet.
 32299 | Depths:1 | Found a gateway to Hell.
 33072 | Depths:2 | Reached skill level 15 in Dodging
 33263 | Depths:2 | Killed from afar by a tengu reaver

Illustrated notes

Levels and vault maps discovered:
D:1:      saegor_arrival_under_anarchy, layout_basic, minmay_cut_off
D:2:      layout_basic, serial_shops, shop, mrwooster_statue_mirror,
          grunt_ministairs_10
D:3:      layout_rooms, serial_shops, shop, ebering_ecumenical_altar_mist
D:4:      layout_rooms, hellmonk_ghost_happy_afterlife, kennysheep_orc_chapel,
          uniq_edmund, uniq_duvessa, uniq_sigmund
D:5:      layout_basic, makhleb_altar_promises_db,
          minmay_temple_entry_stoned_glass, dk_noncrumbling_4
D:6:      layout_basic, kennysheep_mini_moat, uniq_jeremiah, uniq_blork_the_orc
D:7:      layout_loops_corners, grunt_temple_overflow_opulence,
          lightli_corner_chamber
D:8:      layout_basic, nicolae_ashenzari_skybound, minmay_radiant
D:9:      layout_cross, enter_bailey_3
D:10:     layout_irregular_city, grunt_lair_entry_orc_guard_hut,
          minmay_misc_feat_ornament, lightli_minifort
D:11:     minmay_recursive_quarters, layout_basic,
          portal_ice_cave_entry_pillars_2
D:12:     layout_roguey, lemuel_old_faithful, uniq_fannar
D:13:     layout_rooms, serial_shops, nicolae_lakefront_shop, st_stairs_8,
          minivault_8, uniq_jorgrun, uniq_kirke, uniq_azrael, uniq_rupert
D:14:     layout_grid_maze, grunt_vaults_entry_fortified,
          kennysheep_generic_room_2
D:15:     grunt_enter_depths_giant_problem, layout_basic, chequers_garden
Temple:   nicolae_temple_bog_church
Lair:1:   layout_small_grid, serial_forest, infiniplex_forest_clump_double,
          infiniplex_forest_lined_1, infiniplex_forest_end_3,
          infiniplex_forest_straight_5, wad_woods_road_03, uniq_maggie,
          uniq_amaemon
Lair:2:   layout_cave_pods, elwin_shoals_entry_rooms, dummy_snake_entry
Lair:3:   layout_regular_city, ebering_ghost_rock_garden, grunt_megastairs_4,
          uniq_nergalle
Lair:4:   layout_loops_ring, nicolae_volcano_entry_s_turn, beast_lair_carwin_9
Lair:5:   grunt_lair_end_beastmaster, layout_regular_city,
          minmay_slime_entry_pillars, nicolae_lair_lindhole
Shoals:1: layout_shoals
Shoals:2: layout_shoals, gammafunk_ghost_tricky_traps,
          nicolae_shoals_seven_spires, serial_nicolae_subway,
          nicolae_sub_station_stone, nicolae_sub_station_metal,
          nicolae_sub_station_crystal, uniq_ilsuiw
Shoals:3: layout_shoals, nicolae_shoals_loop_pool, uniq_mlioglotl
Shoals:4: shoals_end_grunt_ice, layout_shoals, nicolae_shoals_sun_and_surf
Snake:1:  layout_chambers, basic_altar, grunt_megastairs_5, minmay_shop_grove,
          uniq_aizul, uniq_agnes
Snake:2:  layout_gridlike, nicolae_shop_overcharged_wands, minmay_shop_star,
          serial_bayou_shore_a, grunt_megastairs_1, lemuel_fruit_tree
Snake:3:  layout_honeycomb, serial_shops, shop, basic_altar, uniq_louise,
          uniq_vashnia, uniq_roxanne
Snake:4:  grunt_snake_rune_pools, layout_cave_town
Slime:1:  layout_caves
Slime:2:  layout_caves
Slime:3:  cheibrodos_slime_lost_civilization_10, layout_caves
Slime:4:  layout_caves, uniq_dissolution
Orc:1:    layout_caves, basic_altar, serial_shops,
          nicolae_shop_just_a_little_nook,
          mainiacjoe_minedec_watcher_in_the_water, uniq_snorg
Orc:2:    st_orc_mages, layout_caves
Elf:1:    eino_elf_arrival_customs, layout_geoelf_octagon,
          regret_index_elf_centigrade, st_stairs_6, uniq_nikola
Depths:1: layout_honeycomb, kennysheep_pointless_box, hell_entry,
          hangedman_abyss_or_decor_passed, abandoned_shop, minmay_crystal_room,
          minmay_misc_feat_more_columns, vehumet_crystals, firewood_loft
Depths:2: grunt_crosshair, layout_gridlike, enter_ziggurat_e,
          pf_hell_entry_tar_river, serial_bayou_ford_a, grunt_pan_entry_sceptre,
          infiniplex_staircase_x

Skill      XL: |  1  2  3  4  5  6  7  8  9 10 11 12 13 14 15 16 17 18 19 |
---------------+----------------------------------------------------------+-----
Unarmed Combat | 4 5 6 7 8 9 11 12 13 15 16 17 18 19 | 19.5
Shapeshifting  | 4 5 6 7 9 10 11 14 16 17 18 19 | 19.8
Dodging        | 2 4 5 6 7 8 9 11 12 13 14 15 | 15.1
Fighting       | 2 4 6 7 10 11 13 14 16 | 16.8

Action                     |  1- 3 |  4- 6 |  7- 9 | 10-12 | 13-15 | 16-18 | 19-21 || total
---------------------------+-------+-------+-------+-------+-------+-------+-------++-------
  Melee: Unarmed           |    97 |   135 |   310 |   744 |   916 |  1077 |   126 ||  3405
         Tailslap          |     6 |    19 |    38 |   131 |   154 |   161 |    29 ||   538
         Punch             |       |     4 |    11 |       |    65 |   123 |    21 ||   224
         Bite              |       |       |       |       |    83 |   133 |    21 ||   237
         Constrict         |       |       |       |       |     2 |       |       ||     2
  Throw: Dart              |       |     1 |       |       |       |       |       ||     1
 Invoke: Serpent's Lash    |       |       |       |       |       |     1 |       ||     1
Ability: Caustic Breath    |       |       |     7 |     8 |     9 |     7 |     2 ||    33
         Lunge             |       |       |    20 |    39 |    70 |   148 |     7 ||   284
         Whirlwind         |       |       |    29 |   222 |   170 |   139 |    16 ||   576
         Begin Untransform |       |       |       |       |     1 |       |       ||     1
  Evoke: Wand              |       |     3 |     7 |     7 |       |       |       ||    17
    Use: Potion            |     2 |     4 |     4 |     2 |     2 |     4 |       ||    18
         Scroll            |       |    14 |     2 |     7 |     1 |     6 |     1 ||    31
   Stab: Sleeping          |       |       |     3 |       |     2 |     2 |       ||     7
         Distracted        |       |       |     1 |       |     1 |     2 |       ||     4
         Invisible         |       |       |       |     4 |       |       |       ||     4
         Petrified         |       |       |       |       |     2 |       |       ||     2
 Armour: Skin              |    68 |    73 |    80 |   198 |   429 |   689 |    84 ||  1621
  Dodge: Dodged            |    38 |    58 |   226 |   571 |   523 |   587 |   102 ||  2105
   Form: Dragon            |       |       |     1 |       |     3 |     1 |       ||     5
         Beast             |       |       |     1 |       |       |       |       ||     1
         Flux              |       |       |     1 |       |       |       |       ||     1
         Serpent           |       |       |       |       |     1 |       |       ||     1
         Statue            |       |       |       |       |       |     1 |       ||     1

Table legend: (Time is in decaauts)
 A = Elapsed time spent in this place.
 B = Non-inter-level travel time spent in this place.
 C = Inter-level travel time spent in this place.
 D = Time resting spent in this place.
 E = Time spent auto-exploring this place.
 F = Levels seen in this place.
 G = Mean time per level.
                   A        B        C        D        E       F      G
               +--------+--------+--------+--------+--------+-----+--------+
         Total |  32773 |  30618 |   2155 |   2325 |  15404 |  40 |  819.3 |
       Dungeon |  13467 |  12537 |    930 |    758 |   7392 |  15 |  897.8 |
        Temple |     52 |     46 |      6 |      0 |      0 |   1 |   52.0 |
          Lair |   5924 |   5267 |    657 |    167 |   3118 |   5 | 1184.8 |
        Shoals |   4392 |   4207 |    185 |    843 |   1334 |   4 | 1098.0 |
     Snake Pit |   5033 |   4787 |    246 |    388 |   2266 |   4 | 1258.2 |
    Slime Pits |    310 |    310 |      0 |      0 |      0 |   4 |   77.5 |
  Orcish Mines |   1069 |    989 |     80 |      0 |    557 |   2 |  534.5 |
   Elven Halls |    264 |    264 |      0 |    121 |      0 |   1 |  264.0 |
        Depths |   1490 |   1441 |     49 |      0 |    737 |   2 |  745.0 |
        Bailey |    339 |    339 |      0 |      0 |      0 |   1 |  339.0 |
       Volcano |    430 |    430 |      0 |     48 |      0 |   1 |  430.0 |
               +--------+--------+--------+--------+--------+-----+--------+

Top non-repeatable levels by time:
 Snake:1: 1546 daAuts
  Lair:5: 1504 daAuts
  Lair:2: 1357 daAuts
 Snake:3: 1320 daAuts
Shoals:3: 1319 daAuts
     D:7: 1292 daAuts
 Snake:4: 1267 daAuts
Shoals:2: 1255 daAuts
     D:2: 1248 daAuts
Depths:1: 1170 daAuts
    D:14: 1168 daAuts
    D:11: 1069 daAuts
  Lair:1: 1042 daAuts
  Lair:4: 1038 daAuts
     D:4: 1004 daAuts
